 Dungeon Crawl Stone Soup version 0.29-a0-732-g3d7fbe0af2 (webtiles) character file.

Game seed: 8783418320432640572

6304 IdlyInterested the Carver (level 10, -8/74 HPs)
             Began as a Demonspawn Fighter on June 29, 2022.
             Was a Priest of Okawaru.
             Mangled by a komodo dragon (14 damage)
             ... while petrified by a basilisk
             ... on level 8 of the Dungeon.
             The game lasted 00:19:33 (8287 turns).

IdlyInterested the Carver (Demonspawn Fighter)      Turns: 8287, Time: 00:19:36

Health: -8/74      AC: 11    Str: 24    XL:     10   Next: 63%
Magic:  12/12      EV:  2    Int:  9    God:    Okawaru [***...]
Gold:   425        SH:  0    Dex: 16    Spells: 9/9 levels left

rFire   . . .      SeeInvis .   C - +0 scimitar
rCold   + . .      Faith    .   F - +0 kite shield
rNeg    + + +      Spirit   .   n - +0 steam dragon scales
rPois   ∞          Reflect  +   I - +0 helmet
rElec   .          Harm     .   q - +1 cloak
rCorr   .          Rampage  .   (no gloves)
Will    +....                   (no boots)
Stlth   ++........              y - amulet of reflection
HPRegen 0.22/turn               e - ring of protection from cold
MPRegen 0.13/turn               l - +6 ring of strength

@: petrified
A: rugged brown scales 2, foul stench 1, spiny 3, large bone plates 1,
strong-willed 1, poison resistance
a: Renounce Religion, Heroism


You were on level 8 of the Dungeon.
You worshipped Okawaru.
Okawaru was most pleased with you.
You visited 2 branches of the dungeon, and saw 9 of its levels.

You collected 425 gold pieces.

Inventory:

Hand Weapons
 i - a +0 vampiric short sword
 A - the +8 flail "Yrifac" {drain, rN+ Will+ Dex-3}
   (You found it on level 6 of the Dungeon)

   A truly terrible weapon, it drains the life of any living foe it strikes.
   Dex:       It affects your dexterity (-3).
   rN:        It protects you from negative energy.
   Will:      It increases your willpower.
 C - a +0 scimitar (weapon)
 D - a +2 long sword
 G - a +2 falchion of electrocution
Armour
 g - a +0 buckler
 j - a scarf of shadows
 n - +0 steam dragon scales (worn)
 q - a +1 cloak (worn)
 v - a +0 plate armour
 x - a +0 leather armour of willpower
 F - a +0 kite shield (worn)
 I - a +0 helmet (worn)
Jewellery
 c - an amulet of guardian spirit
 e - a ring of protection from cold (left hand)
 f - a ring of fire
 k - an amulet of the acrobat
 l - a +6 ring of strength (right hand)
 r - a ring of poison resistance
 y - an amulet of reflection (around neck)
 K - a ring of ice
Wands
 b - a wand of digging (7)
Scrolls
 t - 3 scrolls of teleportation
 u - 2 scrolls of identify
 z - 2 scrolls of silence {unknown}
 B - a scroll of poison {unknown}
Potions
 a - 2 potions of attraction
 d - 2 potions of might
 h - 2 potions of haste
 m - a potion of curing
 o - 3 potions of magic
 p - 2 potions of heal wounds
 s - a potion of lignification
 w - a potion of resistance
 E - a potion of ambrosia
 H - 2 potions of mutation
 J - a potion of brilliance {unknown}


   Skills:
 - Level 4.0 Fighting
 * Level 12.6 Long Blades
 - Level 4.0 Armour
 - Level 4.0 Dodging
 - Level 1.0 Stealth
 * Level 9.9 Shields
 + Level 3.8 Invocations


You had 9 spell levels left.
You didn't know any spells.
Your spell library contained the following spells:

 Spells                   Type           Power      Damage    Failure   Level
 Magic Dart               Conj           0%         1d3       65%         1
 Ensorcelled Hibernation  Hex/Ice        0%         N/A       80%         2
 Searing Ray              Conj           0%         2d4       80%         2
 Inner Flame              Hex/Fire       0%         N/A       95%         3
 Spider Form              Tmut/Pois      0%         N/A       95%         3
 Anguish                  Hex/Necr       0%         N/A       100%        4
 Cause Fear               Hex            0%         N/A       100%        4
 Fulminant Prism          Conj/Hex       0%         3d6       100%        4
 Discord                  Hex            0%         N/A       100%        8


Dungeon Overview and Level Annotations

Branches:
Dungeon (8/15)             Temple (1/1) D:6
   Lair: D:8-11

Altars:
Ashenzari
Cheibriados
Dithmenos
Elyvilon
Fedhas
Gozag
Hepliaklqana
Kikubaaqudgha
Makhleb
Nemelex Xobeh
Okawaru
Qazlal
Ru
Sif Muna
Trog
Uskayaw
Vehumet
Wu Jian
Xom
Yredelemnul
Zin
The Shining One


Innate Abilities, Weirdness & Mutations

You are mostly covered in rugged brown scales. (AC +2, +5% HP)
You may rarely emit foul miasma when damaged in melee.
You are completely covered in sharp spines.
You are partially covered in large bone plates. (SH +4)
You are strong-willed. (Will+)
Your system is resistant to poisons. (rPois)


Message History

The steam dragon is almost dead.
You block the steam dragon's attack. x2
The basilisk gazes at you.
You are slowing down.
The komodo dragon is engulfed in a cloud of scalding steam.
You block the komodo dragon's attack.
You hit the steam dragon.
You kill the steam dragon!
Okawaru accepts your kill. You block the basilisk's attack.
You block the komodo dragon's attack.
Your limbs are stiffening.
You slash the basilisk!
The basilisk is moderately wounded.
You block the basilisk's attack. The komodo dragon bites you.
The basilisk bites you!
The komodo dragon is struck by your spines.
The komodo dragon bites you!!
You have turned to stone.
The basilisk bites you but does no damage.
The komodo dragon is struck by your spines.
The komodo dragon bites you.
* * * LOW HITPOINT WARNING * * *
The basilisk bites you but does no damage.
The komodo dragon is struck by your spines.
The komodo dragon bites you!!
* * * LOW HITPOINT WARNING * * *
The basilisk gazes at you. You resist with almost no effort.
The komodo dragon is struck by your spines.
The komodo dragon bites you but does no damage.
The basilisk is struck by your spines.
The basilisk bites you but does no damage.
The komodo dragon bites you!
* * * LOW HITPOINT WARNING * * *
The basilisk is struck by your spines.
You kill the basilisk!
Okawaru accepts your kill.
Okawaru will now gift you ammunition as you gain piety.
The komodo dragon is struck by your spines.
The komodo dragon bites you!!
You die...

## #### #
#.##..########## #
#§.#.##....†....
##..#####.......).###..
#....†@)........####..#
.......l......#### ####
...........#.## #
.....#...####..
.###...##. ### ##.# ##
## ##########
#.....#... #..##...##


You could see a komodo dragon.

Vanquished Creatures
  The ghost of ytrimaz the Cleaver, a novice DsFi of Okawaru (D:7)
  Pikel (D:4)
  A komodo dragon (D:8)
  A hornet (D:7)
  5 humans (D:6)
  3 wyverns (D:8)
  Eustachio (D:4)
  2 steam dragons (D:8)
  2 basilisks (D:8)
  2 water moccasins
  An orc warrior (D:6)
  An ice beast (D:6)
  3 black bears
  An ogre (D:4)
  5 centaurs
  A phantom (D:6)
  Blork the orc (D:6)
  A bullfrog (D:7)
  5 scorpions
  A gnoll sergeant (D:8)
  3 wights (D:7)
  15 killer bees
  A hound (D:4)
  A jelly (D:6)
  5 orc priests
  Ijyb (D:4)
  2 iguanas (D:4)
  7 orc wizards
  6 gnolls
  7 adders
  A shadow imp (D:6)
  2 white imps (D:7)
  A worm (D:3)
  5 dart slugs
  28 orcs
  6 ball pythons
  9 endoplasms
  2 giant cockroaches
  7 hobgoblins
  8 jackals
  A quokka (D:5)
  5 bats
  2 frilled lizards
  7 goblins
  11 kobolds
  6 rats
188 creatures vanquished.

Vanquished Creatures (others)
  An orc (D:8)
1 creature vanquished.

Grand Total: 189 creatures vanquished

Notes
Turn   | Place    | Note
-------+----------+-------------------------------------------
     0 | D:1      | IdlyInterested the Demonspawn Fighter began the quest for
                  | the Orb.
     0 | D:1      | Reached XP level 1. HP: 18/18 MP: 1/1
   169 | D:1      | Reached skill level 2 in Long Blades
   516 | D:1      | Gained mutation: You are partially covered in sharp spines.
                  | [demonic ancestry]
   516 | D:1      | Reached XP level 2. HP: 24/24 MP: 2/2
  1204 | D:1      | Gained mutation: You are partially covered in rugged brown
                  | scales. (AC +1, +3% HP) [demonic ancestry]
  1204 | D:1      | Reached XP level 3. HP: 24/29 MP: 3/3
  1360 | D:1      | Identified a scroll of acquirement
  1360 | D:1      | Acquired a manual of Long Blades
  1932 | D:2      | Reached skill level 3 in Long Blades
  2498 | D:2      | Gained mutation: You are strong-willed. (Will+) [potion of
                  | mutation]
  2498 | D:2      | Gained mutation: You are partially covered in large bone
                  | plates. (SH +4) [potion of mutation]
  2498 | D:2      | Gained mutation: Your system is resistant to poisons.
                  | (rPois) [potion of mutation]
  2589 | D:3      | Reached XP level 4. HP: 13/36 MP: 4/4
  2632 | D:3      | Reached skill level 1 in Dodging
  2861 | D:3      | Noticed a water moccasin
  2878 | D:3      | Killed a water moccasin
  2879 | D:3      | Reached skill level 4 in Long Blades
  2879 | D:3      | Reached skill level 1 in Stealth
  2879 | D:3      | Reached XP level 5. HP: 7/42 MP: 5/5
  3175 | D:3      | Reached skill level 5 in Long Blades
  3175 | D:3      | Gained mutation: You are mostly covered in sharp spines.
                  | [demonic ancestry]
  3175 | D:3      | Reached XP level 6. HP: 38/48 MP: 6/6
  3587 | D:3      | Found a burning altar of Makhleb.
  3719 | D:4      | Found a shimmering blue altar of Sif Muna.
  3962 | D:4      | Noticed Pikel
  3974 | D:4      | Killed Pikel
  3975 | D:4      | Reached skill level 7 in Long Blades
  3975 | D:4      | Reached skill level 5 in Shields
  3975 | D:4      | Gained mutation: You are completely covered in sharp
                  | spines. [demonic ancestry]
  3975 | D:4      | Reached XP level 7. HP: 37/53 MP: 7/7
  4163 | D:4      | Noticed Ijyb
  4170 | D:4      | Killed Ijyb
  4320 | D:4      | Gained mutation: You may rarely emit foul miasma when
                  | damaged in melee. [demonic ancestry]
  4320 | D:4      | Reached XP level 8. HP: 56/59 MP: 8/8
  4570 | D:4      | Noticed Eustachio
  4585 | D:4      | Killed Eustachio
  4586 | D:4      | Reached skill level 8 in Long Blades
  4772 | D:5      | Entered Level 5 of the Dungeon
  4798 | D:5      | Found a shadowy altar of Dithmenos.
  4814 | D:5      | Found a snail-covered altar of Cheibriados.
  4814 | D:5      | Found an ornate altar of the Wu Jian Council.
  5235 | D:5      | Reached skill level 9 in Long Blades
  5588 | D:6      | Noticed Blork the orc
  5598 | D:6      | Killed Blork the orc
  5682 | D:6      | Gained mutation: You are mostly covered in rugged brown
                  | scales. (AC +2, +5% HP) [demonic ancestry]
  5682 | D:6      | Reached XP level 9. HP: 58/68 MP: 9/9
  5755 | D:6      | Reached skill level 10 in Long Blades
  6080 | D:6      | Reached skill level 11 in Long Blades
  6151 | D:6      | Identified the +8 flail "Yrifac" {drain, rN+ Will+ Dex-3}
  6313 | D:6      | Found a staircase to the Ecumenical Temple.
  6403 | Temple   | Entered the Ecumenical Temple
  6699 | Temple   | Became a worshipper of Warmaster Okawaru
  7111 | D:7      | Noticed ytrimaz's ghost (novice DsFi)
  7120 | D:7      | Found a transporter.
  7122 | D:7      | Found a transporter.
  7372 | D:7      | Reached * piety under Okawaru
  7399 | D:7      | Killed ytrimaz's ghost
  7400 | D:7      | Reached skill level 12 in Long Blades
  7400 | D:7      | Reached XP level 10. HP: 74/74 MP: 10/10
  7461 | D:8      | Reached skill level 1 in Invocations
  7814 | D:8      | Reached ** piety under Okawaru
  8287 | D:8      | Reached *** piety under Okawaru
  8287 | D:8      | Mangled by a komodo dragon

Illustrated notes

Levels and vault maps discovered:
D:1:      dpeg_arrival_water_temple_mockup, layout_basic
D:2:      layout_loops_corners, chequers_mini_garden, kennysheep_cluttered_room,
          minmay_mini_jars
D:3:      layout_loops_ring, bloody_makhleb, kennysheep_doodads
D:4:      layout_loops_cross, kennysheep_orc_sif_temple, uniq_pikel,
          uniq_eustachio, uniq_ijyb
D:5:      layout_basic, grunt_temple_overflow_open, hangedman_decor_peaks_small
D:6:      layout_rooms, minmay_temple_entry_statues_pillars, minmay_ruffians,
          uniq_blork_the_orc
D:7:      layout_cave_pools, gammafunk_ghost_hive
D:8:      layout_loops_ring, erik_lair_dragon, eino_jars, uniq_maurice
Temple:   minmay_temple_bridge_d

Skill      XL: |  1  2  3  4  5  6  7  8  9 10 |
---------------+-------------------------------+-----
Long Blades    | 2 3 4 5 7 9 12 | 12.6
Shields        | 3 4 5 6 7 9 |  9.9
Armour         | 3 4 |  4.0
Dodging        | 1 2 3 4 |  4.0
Stealth        | 1 |  1.0
Fighting       | 4 |  4.0
Invocations    | 3 |  3.8

Action                   |  1- 3 |  4- 6 |  7- 9 | 10-12 || total
-------------------------+-------+-------+-------+-------++-------
Melee: Long sword        |   101 |    92 |   193 |       ||   386
       Scimitar          |       |       |    39 |   125 ||   164
  Use: Scroll            |     7 |     1 |     4 |       ||    12
       Potion            |     6 |     1 |     1 |       ||     8
 Stab: Sleeping          |       |       |       |     1 ||     1
Armor: Scale mail        |    30 |       |       |       ||    30
       Chain mail        |     2 |    40 |    15 |       ||    57
       Plate armour      |       |       |    64 |     6 ||    70
       Steam dragon scal |       |       |       |    33 ||    33
Dodge: Dodged            |    41 |    21 |    68 |    44 ||   174
Block: Buckler           |    22 |    47 |   144 |    21 ||   234
       Reflection        |       |       |    10 |     4 ||    14
       Kite shield       |       |       |       |   132 ||   132

Table legend: (Time is in decaauts)
 A = Elapsed time spent in this place.
 B = Non-inter-level travel time spent in this place.
 C = Inter-level travel time spent in this place.
 D = Time resting spent in this place.
 E = Time spent auto-exploring this place.
 F = Levels seen in this place.
 G = Mean time per level.
                   A        B        C        D        E       F      G
               +--------+--------+--------+--------+--------+-----+--------+
         Total |   8333 |   7961 |    372 |   1181 |   5180 |   9 |  925.9 |
       Dungeon |   7965 |   7737 |    228 |   1181 |   4968 |   8 |  995.6 |
        Temple |    367 |    224 |    143 |      0 |    212 |   1 |  367.0 |
               +--------+--------+--------+--------+--------+-----+--------+

Top non-repeatable levels by time:
     D:1: 1395 daAuts
     D:3: 1191 daAuts
     D:2: 1179 daAuts
     D:4: 1072 daAuts
     D:6: 861 daAuts
     D:8: 828 daAuts
     D:5: 784 daAuts
     D:7: 653 daAuts
  Temple: 367 daAuts
